 Dungeon Crawl Stone Soup version 0.24-a0-411-g4df2b1290f (webtiles) character file.

Game seed: 3838270879463284826

126 Gargoyl the Skirmisher (level 4, 0/39 HPs)
             Began as a Centaur Abyssal Knight on June 6, 2019.
             Was a Believer of Lugonu.
             Killed from afar by an orc wizard (1 damage)
             ... with a magic dart
             ... on level 3 of the Dungeon.
             The game lasted 00:03:30 (2640 turns).

Gargoyl the Skirmisher (Centaur Abyssal Knight)     Turns: 2640, Time: 00:03:31

Health: 0/39       AC: 11    Str: 15    XL:     4   Next: 83%
Magic:  0/6        EV:  6    Int: 11    God:    Lugonu [**....]
Gold:   94         SH:  0    Dex:  9    Spells: 3/3 levels left

rFire    . . .     SeeInvis .   a - +2 hand axe
rCold    . . .     Gourm    .   (no shield)
rNeg     . . .     Faith    .   e - +0 ring mail
rPois    .         Spirit   +   g - +0 helmet
rElec    .         Reflect  .   j - scarf {Spirit}
rCorr    .         Harm     .   (no gloves)
MR       .....                  i - +0 centaur barding
Stlth    ..........             (no amulet)
HPRegen  0.13/turn              (no ring)
MPRegen  0.10/turn              (no ring)

@: very quick
A: large, hooves 3, deformed body, speed 2, tough skin 3
a: Depart the Abyss, Bend Space, Renounce Religion


You were on level 3 of the Dungeon.
You worshipped Lugonu.
Lugonu was pleased with you.
You were not hungry.

You visited 1 branch of the dungeon, and saw 3 of its levels.
You visited the Abyss 1 time.

You collected 94 gold pieces.

Inventory:

Hand Weapons
 a - a +2 hand axe (weapon)
Armour
 d - a scarf of cloud immunity
 e - a +0 ring mail (worn)
 g - a +0 helmet (worn)
 i - a +0 centaur barding (worn)
 j - a scarf of spirit shield (worn)
Wands
 n - a wand of flame (16)
Scrolls
 m - a scroll of immolation {unknown}
Potions
 b - a potion of agility {unknown}
 f - a potion of invisibility
 h - 2 potions of flight {unknown}
 k - a potion of resistance {unknown}
 l - a potion of curing {unknown}
 o - a potion of magic {unknown}
Comestibles
 c - 8 rations
 p - a chunk of flesh


   Skills:
 + Level 3.6 Fighting
 + Level 2.5 Axes
 * Level 2.3 Armour
 * Level 1.5 Dodging
 * Level 2.7 Invocations


You had 3 spell levels left.
You didn't know any spells.
Your spell library was empty.

Dungeon Overview and Level Annotations

Branches:
Dungeon (3/15)

Altars:
Xom

Annotations:
D:3 Ijyb


Innate Abilities, Weirdness & Mutations

You have hooves in place of feet.
Armour fits poorly on your strangely shaped body.
You cover ground very quickly.
You have extremely tough skin. (AC +3)


Message History

The orc wizard hits you but does no damage.
You are electrocuted!!
The orc wizard hits you but does no damage.
You are electrocuted!
* * * LOW HITPOINT WARNING * * *
You closely miss Ijyb. You closely miss the orc wizard.
Ijyb hits you but does no damage. The orc wizard barely misses you.
You barely miss Ijyb. Your kick misses Ijyb. You hit the orc wizard.
An orc comes into view. It is wielding a +0 hand axe.
Ijyb hits you but does no damage. The orc wizard completely misses you.
Unknown command.
You closely miss Ijyb. You hit the orc wizard.
Ijyb screams, "Level is mine!
All mine!"
Ijyb hits you but does no damage. The orc wizard barely misses you.
You closely miss Ijyb. Your kick misses Ijyb. You closely miss the orc wizard.
Ijyb hits you with a +0 dagger.
* * * LOW HITPOINT WARNING * * *
The orc wizard gestures at you while chanting.
The magic dart hits you.
You die...

## ..#### ..
...... .. ......
.# ##### # .###
###### ## #. ...
......
....#.##.###.##
######
.....og@o.....# #.
###)#.#)####..# #.
# #.# #..# #. #.#
#..# #. #.# #..#
#.
#.####..#########.
#......†..........
##################


You could see Ijyb, an orc wizard and an orc.

Vanquished Creatures
  Terence (D:3)
  2 adders (D:2)
  An ooze (D:1)
  2 worms (D:2)
  3 dart slugs
  2 leopard geckos (D:1)
  5 orcs
  8 bats
  4 giant cockroaches
  9 goblins
  4 hobgoblins
  6 jackals (D:3)
  4 frilled lizards
  4 kobolds
  4 rats
59 creatures vanquished.

Notes
Turn   | Place    | Note
-------+----------+-------------------------------------------
     0 | Abyss:1  | Gargoyl the Centaur Abyssal Knight began the quest for the
                  | Orb.
     0 | Abyss:1  | Reached XP level 1. HP: 19/19 MP: 2/2
    70 | Abyss:1  | Noticed a small abomination
   105 | Abyss:1  | Noticed a wretched star
   106 | D:1      | Escaped the Abyss
   457 | D:1      | Reached XP level 2. HP: 24/26 MP: 3/3
   474 | D:1      | Reached * piety under Lugonu
   595 | D:1      | Reached skill level 1 in Dodging
  1273 | D:1      | Reached XP level 3. HP: 31/31 MP: 4/4
  1994 | D:2      | Reached XP level 4. HP: 38/38 MP: 5/5
  2024 | D:2      | Found a shimmering altar of Xom.
  2439 | D:3      | Noticed Terence
  2459 | D:3      | Killed Terence
  2629 | D:3      | Reached ** piety under Lugonu
  2631 | D:3      | Noticed Ijyb
  2640 | D:3      | HP: 1/39 [Ijyb/+0 dagger (3)]
  2640 | D:3      | Killed from afar by an orc wizard

Levels and vault maps discovered:
D:1:      onia_arrival_mini_spirals, layout_loops_ring
D:2:      layout_loops_corners, marbit_many_paths
D:3:      layout_basic, first_ration, kennysheep_cluttered_room, uniq_ijyb,
          uniq_terence

Skill      XL: |  1  2  3 |
---------------+----------+-----
Dodging        | 1 |  1.5
Axes           | 2 |  2.5
Armour         | 2 |  2.3
Fighting       | |  3.6
Invocations    | |  2.7

Action                   |  1- 3 |  4- 6 || total
-------------------------+-------+-------++-------
Melee: Hand axe          |   120 |    57 ||   177
       Kick              |    14 |    15 ||    29
Invok: Depart the Abyss  |     1 |       ||     1
  Use: Scroll            |     2 |     2 ||     4
       Potion            |       |     1 ||     1
 Stab: Invisible         |       |     1 ||     1
  Eat: Chunk             |     1 |     3 ||     4
Armor: Ring mail         |    96 |    51 ||   147
       Leather armour    |     1 |       ||     1
Dodge: Dodged            |    46 |    23 ||    69

Table legend:
 A = Non-vault XP
 B = Vault XP
 C = Vault XP percentage of total XP
 D = Non-vault monster count
 E = Vault monster count
 F = Vault count percentage of total count
                 A         B        C        D         E       F
            +---------+---------+-------+---------+---------+-------
      Total |     141 |      39 |  21.7 |      57 |       2 |   3.4
            +---------+---------+-------+---------+---------+-------
        D:1 |      42 |       0 |   0.0 |      24 |       0 |   0.0
        D:2 |      62 |       3 |   4.6 |      18 |       1 |   5.3
        D:3 |      37 |      36 |  49.3 |      15 |       1 |   6.2
            +---------+---------+-------+---------+---------+-------
